 Dungeon Crawl Stone Soup version 0.28.0 (webtiles) character file.

Game seed: 5777392970065855754

28 ces the Chopper (level 2, -8/27 HPs)
             Began as a Minotaur Berserker on Feb 19, 2022.
             Was a Follower of Trog.
             Mangled by a gnoll (11 damage)
             ... on level 1 of the Dungeon.
             The game lasted 00:01:08 (755 turns).

ces the Chopper (Minotaur Berserker)                 Turns: 755, Time: 00:01:08

Health: -8/27      AC:  2    Str: 21    XL:     2   Next: 96%
Magic:  1/1        EV: 12    Int:  4    God:    Trog [*.....]
Gold:   19         SH:  0    Dex:  9    Spells: 1/1 levels left

rFire   . . .      SeeInvis .   a - +0 hand axe
rCold   . . .      Faith    .   (no shield)
rNeg    . . .      Spirit   .   b - +0 animal skin
rPois   .          Reflect  .   (helmet restricted)
rElec   .          Harm     .   (no cloak)
rCorr   .          Rampage  .   (no gloves)
Will    .....                   (no boots)
Stlth   +.........              (no amulet)
HPRegen 0.09/turn               (no ring)
MPRegen 0.07/turn               (no ring)

@: no status effects
A: horns 2, retaliatory headbutt
a: Renounce Religion, Berserk


You were on level 1 of the Dungeon.
You worshipped Trog.
Trog was aware of your devotion.
You visited 1 branch of the dungeon, and saw 2 of its levels.

You collected 19 gold pieces.

Inventory:

Hand Weapons
 a - a +0 hand axe (weapon)
Missiles
 e - 12 bolts
Armour
 b - a +0 animal skin (worn)
Scrolls
 c - a scroll of identify {unknown}
 f - a scroll of summoning {unknown}
Potions
 d - a potion of invisibility {unknown}
 g - a potion of curing {unknown}


   Skills:
 + Level 4.2 Fighting
 + Level 4.3 Axes
 + Level 2.5 Armour
 + Level 2.3 Dodging


You had one spell level left.
You didn't know any spells.
Your spell library was empty.

Dungeon Overview and Level Annotations

Branches:
Dungeon (2/15)

Altars:


Innate Abilities, Weirdness & Mutations

You have a pair of horns on your head.
You reflexively headbutt those who attack you in melee.


Message History

Trog accepts your kill.
No target in view!
No target in view!
Found a book of Minor Magic.
Done exploring.
Done exploring.
Done exploring.
No target in view!
No target in view!
No target in view!
No target in view!
No target in view!
Done exploring.
Done exploring.
Done exploring.
(D) Dungeon
Where to? (Enter - D:1 @ (x,y), ? - help)
What level of the Dungeon? (default 1, ? - help)
There is a stone staircase leading down here.
You climb downwards.
The adder hisses angrily.
The gnoll shaman shouts!
The gnoll shouts! x4
Found a faded altar of an unknown god.
There is a stone staircase leading up here.
There are monsters nearby!
The adder closely misses you. You furiously retaliate!
You headbutt the adder!
You kill the adder!
Trog accepts your kill.
The gnoll shaman hits you with a +0 club.
The gnoll closely misses you.
You climb upwards.
There is a stone staircase leading down here.
The gnoll hits you with a +0 flail!
The gnoll shaman calls upon its god to speed up the gnoll.
The gnoll seems to speed up.
The gnoll misses you. You furiously retaliate!
You headbutt the gnoll.
The gnoll shaman calls upon its god to heal the gnoll.
The gnoll is healed somewhat.
The gnoll hits you with a +0 flail!
* * * LOW HITPOINT WARNING * * *
The gnoll hits you with a +0 flail!
You die...

#.#..#..............
#.#.##........(.....
#.#.##..............
#.#.##..............
####.#.##..............
##########....#.##..............
##..........####.##.....(......#.
#............###.##..........#...
..............##@######.>........
................g....##..#.#.####
...........)..##.###.......#..###
..............##........#...#....
.................................
#.....>......###g.#########..####
##......###.####.## #.......
###.##..##..#...## #.....##
#.###..........### #.....##


You could see a gnoll shaman and a gnoll (fast).

Vanquished Creatures
  An adder (D:2)
  A dart slug (D:1)
  A ball python (D:1)
  2 endoplasms (D:1)
  A goblin (D:1)
  2 hobgoblins (D:1)
  A quokka (D:1)
  4 bats (D:1)
  A frilled lizard (D:1)
  2 kobolds (D:1)
16 creatures vanquished.

Notes
Turn   | Place    | Note
-------+----------+-------------------------------------------
     0 | D:1      | ces the Minotaur Berserker began the quest for the Orb.
     0 | D:1      | Reached XP level 1. HP: 19/19 MP: 0/0
   170 | D:1      | Reached XP level 2. HP: 27/27 MP: 1/1
   737 | D:2      | Found a faded altar of an unknown god.
   755 | D:1      | Mangled by a gnoll

Illustrated notes

Levels and vault maps discovered:
D:1:      nicolae_arrival_memento_mori, layout_rooms, minmay_pentomino_p2
D:2:      layout_basic, basic_altar, nicolae_ecumenical_oubliette,
          grunt_decor_resistance, patterned_corridor, uniq_sigmund, uniq_jessica

Skill      XL: |  1  2 |
---------------+-------+-----
Axes           | 4 |  4.3
Fighting       | 4 |  4.2
Armour         | |  2.5
Dodging        | |  2.3

Action                   || total
-------------------------++-------
Melee: Hand axe          ||    30
       Headbutt          ||     4
Armor: Animal skin       ||     8
Dodge: Dodged            ||    30
